AoeStats
← Mich_LDDG

Arena

510496121Analyzed
2v2 RM · 18h ago on Oct 1, 2026· 55m 33s· 4 players
Game mode
Random Map
Map size
Medium (4 player)
Population
200
Speed
Normal
Resources
Standard
Victory
Conquest
Starting age
Dark Age
Ending age
Imperial Age
RankedLock teamsTeams togetherTeam positionsShared explorationLock speedFull tech treeHidden civsTurbo modeCheats
Victory
Defeat
🇪🇸 Danes · Spain
687
+16
🇫🇷 Vietnamese · France
686
+16
🇨🇳 Khmer · China
762
-18
🇪🇸 Dravidians · Spain
626
-14
Mich_LDDG
0:27 Loom
11:28 Feudal Age
11:59 Horse Collar
13:22 Double-Bit Axe
15:03 Wheelbarrow
19:16 Gold Mining
19:20 Stone Mining
23:32 Castle Age
26:37 Heavy Plow
26:57 Bow Saw
26:46 Crossbowman
29:16 Stone Shaft Mining
29:55 Bloodlines
29:46 Husbandry
30:47 Hand Cart
37:35 Imperial Age
37:39 Chatras
37:47 Fletching
37:59 Padded Archer Armor
38:05 Scale Barding Armor
38:11 Forging
38:28 Sappers
39:34 Hoardings
40:21 Chemistry
39:22 Town Watch
42:38 Bodkin Arrow
42:59 Leather Archer Armor
43:05 Chain Barding Armor
43:20 Iron Casting
43:08 Ballistics
47:25 Paper Money
51:15 Plate Barding Armor
50:41 Bracer
51:11 Ring Archer Armor
54:03 Heated Shot
53:53 Treadmill Crane
54:52 Crop Rotation
55:27 Two-Man Saw
Flint
11:46 Feudal Age
12:15 Horse Collar
19:39 Castle Age
19:34 Double-Bit Axe
19:41 Stone Mining
20:01 Gold Mining
21:02 Bow Saw
21:25 Heavy Plow
22:31 Wheelbarrow
26:22 Hand Cart
29:00 Fletching
29:14 Caravan
29:39 Ballistics
29:39 Loom
33:32 Imperial Age
31:19 Masonry
31:05 Bodkin Arrow
31:10 Padded Archer Armor
32:21 Forging
32:12 Scale Mail Armor
32:17 Scale Barding Armor
32:04 Gambesons
32:05 Arson
32:22 Squires
31:46 Pikeman
32:06 Hamask
35:20 Town Watch
35:40 Onager
36:40 Thumb Ring
35:56 Elite Skirmisher
36:04 Northmen's Fury
38:49 Chemistry
38:13 Bracer
38:49 Iron Casting
38:31 Chain Mail Armor
38:34 Leather Archer Armor
38:45 Imperial Skirmisher
39:48 Siege Onager
45:05 Blast Furnace
44:35 Plate Mail Armor
44:26 Chain Barding Armor
44:36 Ring Archer Armor
Charlson
12:44 Feudal Age
16:31 Castle Age
14:19 Double-Bit Axe
14:15 Horse Collar
14:26 Gold Mining
14:26 Stone Mining
22:10 Bow Saw
22:36 Loom
25:32 Heavy Plow
26:09 Gold Shaft Mining
25:24 Stone Mining
31:45 Imperial Age
31:09 Stone Mining
31:25 Scale Barding Armor
31:31 Forging
31:43 Ballistics
31:26 Padded Archer Armor
33:02 Double Crossbow
33:23 Bloodlines
33:14 Husbandry
34:41 Wheelbarrow
34:38 Crop Rotation
34:45 Stone Shaft Mining
34:16 Tusk Swords
36:03 Elite Ballista Elephant
38:02 Chemistry
37:03 Light Cavalry
38:30 Hand Cart
38:54 Conscription
39:23 Heavy Scorpion
42:44 Chain Barding Armor
42:59 Iron Casting
42:18 Heated Shot
42:47 Hussar
dodifac
0:27 Loom
14:00 Feudal Age
14:27 Double-Bit Axe
14:26 Horse Collar
14:45 Gold Mining
15:00 Man-at-Arms
16:21 Stone Mining
16:23 Town Watch
19:23 Wheelbarrow
23:43 Castle Age
23:06 Forging
24:38 Bow Saw
24:34 Heavy Plow
24:02 Light Cavalry
24:30 Gambesons
26:11 Scale Barding Armor
26:35 Crossbowman
26:39 Long Swordsman
27:27 Padded Archer Armor
27:52 Fletching
28:46 Squires
28:50 Husbandry
29:45 Iron Casting
29:52 Bodkin Arrow
31:28 Hand Cart
31:41 Scale Mail Armor
32:27 Leather Archer Armor
36:46 Chain Barding Armor
37:38 Chain Mail Armor
38:08 Caravan
39:36 Thumb Ring
48:16 Imperial Age
48:24 Two-Handed Swordsman
52:32 Blast Furnace
Connection lost

Rejoining the realm…

Still unreachable

The connection could not be restored.

Session expired

The server has moved on; the page needs a fresh start.